 Dungeon Crawl Stone Soup version 0.31-a0-237-g2d982f9f85 (webtiles) character file.

Game seed: 2345175777122285278

25 qw the Shooter (level 2, -3/24 HPs)
             Began as a Minotaur Hexslinger on July 11, 2023.
             Slain by Terence
             ... wielding a +0 flail
              (6 damage)
             ... on level 2 of the Dungeon.
             The game lasted 00:00:12 (363 turns).

qw the Shooter (Minotaur Hexslinger)                 Turns: 363, Time: 00:00:13

Health: -3/24      AC:  2    Str: 12    XL:     2   Next: 86%
Magic:  2/2        EV: 12    Int: 10    God:
Gold:   46         SH:  0    Dex: 12    Spells: 2/3 levels left

rFire   . . .        a - +1 sling
rCold   . . .        (no shield)
rNeg    . . .        c - +0 robe
rPois   .            (helmet restricted)
rElec   .            (no cloak)
rCorr   .            (no gloves)
SInv    .            (no boots)
Will    .....        (no amulet)
Stlth   +            (no ring)
HPRegen 0.24/turn    (no ring)
MPRegen 0.08/turn

%: no passive effects
@: no status effects
A: horns 2, retaliatory headbutt
a: no special abilities


You were on level 2 of the Dungeon.
You visited 1 branch of the dungeon, and saw 2 of its levels.

You collected 46 gold pieces.


Innate Abilities, Weirdness & Mutations

You have a pair of horns on your head.
You reflexively headbutt those who attack you in melee.


   Skills:
 - Level 2.0 Fighting
 + Level 3.4 Ranged Weapons
 - Level 2.1 Dodging
 - Level 1.0 Spellcasting
 - Level 2.0 Hexes


You had 2 spell levels left.
You knew the following spells:

 Your Spells              Type           Power      Damage    Failure   Level
a - Slow                  Hex            16%        N/A       16%         1

Your spell library contained the following spells:

 Spells                   Type           Power      Damage    Failure   Level
 Inner Flame              Hex/Fire       2%         N/A       56%         3
 Portal Projectile        Hex/Tloc       4%         N/A       56%         3
 Cause Fear               Hex            2%         N/A       83%         4

Inventory:

Hand Weapons
 a - a +1 sling (weapon)
Armour
 c - a +0 robe (worn)
 d - a +0 ring mail
Jewellery
 f - an amulet of magic regeneration
Scrolls
 b - a scroll of poison
 g - a scroll of identify {unknown}
Potions
 e - a potion of curing {unknown}

Dungeon Overview and Level Annotations

Branches:
Dungeon (2/15)

Altars:

Annotations:
D:2 Terence


Message History

You shoot a sling bullet.
The sling bullet closely misses the jackal.
The jackal closely misses you.
The jackal bites you but does no damage.
You shoot a sling bullet. The sling bullet hits the jackal.
You kill the jackal!
You start resting.
A jackal comes into view.
You shoot a sling bullet.
The sling bullet closely misses the jackal.
The jackal barks!
Terence the Incautious comes into view.
He is wielding a +0 flail.
A jackal comes into view.
You shoot a sling bullet.
Terence shouts!
The jackal barks!
The sling bullet hits Terence but does no damage.
You shoot a sling bullet. The sling bullet hits Terence.
Terence is lightly wounded.
Terence shouts, "Now you die!"
You shoot a sling bullet.
The sling bullet hits the jackal but does no damage.
A quokka comes into view.
You shoot a sling bullet.
The sling bullet closely misses the jackal.
The jackal closely misses you. You furiously retaliate!
You headbutt the jackal. You shoot a sling bullet.
The sling bullet hits the jackal.
You kill the jackal!
Terence shouts, "Get ready for death!"
Terence misses you.
You shoot a sling bullet. The sling bullet hits Terence.
Terence is lightly wounded.
Terence hits you with a +0 flail!
You shoot a sling bullet. The sling bullet hits Terence.
Terence is moderately wounded.
Terence hits you with a +0 flail!
You shoot a sling bullet.
The sling bullet hits Terence but does no damage.
Terence is moderately wounded.
Terence hits you with a +0 flail.
You die...

##.+...+.#. #...
#..#...#...
##..#######.##'##.#.
..?................
#..#######.#.#.#.#.
#..# #........#.#
#..# #.#.######.#
#..#####.#..# #.#
#.@......#..# ##'#
#@########..# #...
#h #... #... #r
##.## #... .. .#
##.# .. .. #.# #.!
#.# ... ..# #..#


You could see Terence, a quokka and a jackal.

Vanquished Creatures
  A worm (D:2)
  2 dart slugs (D:1)
  2 endoplasms (D:1)
  A giant cockroach (D:1)
  A hobgoblin (D:1)
  3 jackals (D:2)
  A quokka (D:2)
  4 bats
  A frilled lizard (D:1)
  A goblin (D:1)
  A rat (D:1)
18 creatures vanquished.

Notes
Turn   | Place    | Note
-------+----------+-------------------------------------------
     0 | D:1      | qw the Minotaur Hexslinger began the quest for the Orb.
     0 | D:1      | Reached XP level 1. HP: 16/16 MP: 1/1
     0 | D:1      | 0 ||| qw: Version: 0.3-a-52-g30416fa
     0 | D:1      | 0 ||| qw: Game counter: 5627
     0 | D:1      | 0 ||| qw: Melee chars always use a shield: true
     0 | D:1      | 0 ||| qw: God list: Okawaru
     0 | D:1      | 0 ||| qw: Allow faded altars: false
     0 | D:1      | 0 ||| qw: Do Orc after clearing Dungeon:15 true
     0 | D:1      | 0 ||| qw: Do second Lair branch before Depths: true
     0 | D:1      | 0 ||| qw: Lair rune preference: random
     0 | D:1      | 0 ||| qw: Goals: Normal
     0 | D:1      | 0 ||| PLANNING D:1-11
    50 | D:1      | Reached skill level 3 in Ranged Weapons
    51 | D:1      | Reached XP level 2. HP: 22/23 MP: 2/2
   129 | D:1      | You fall into a shaft and drop 1 floor!
   253 | D:2      | HP: 5/24 [worm (9)]
   355 | D:2      | Noticed Terence
   362 | D:2      | HP: 2/24 [Terence/+0 flail (9)]
   363 | D:2      | Slain by Terence

Levels and vault maps discovered:
D:1:      spicycebolla_arrival_clurvy, layout_rooms, patterned_corridor
D:2:      layout_basic, minmay_misc_feat_doors, uniq_terence

Skill      XL: |  1  2 |
---------------+-------+-----
Ranged Weapons | 3 |  3.4
Fighting       | 2 |  2.0
Dodging        | |  2.1
Spellcasting   | |  1.0
Hexes          | |  2.0

Action                     || total
---------------------------++-------
   Fire: Sling             ||    72
 Armour: Robe              ||     5
  Dodge: Dodged            ||    21

Table legend:
 A = Non-vault XP
 B = Vault XP
 C = Vault XP percentage of total XP
 D = Non-vault monster count
 E = Vault monster count
 F = Vault count percentage of total count
                 A         B        C        D         E       F
            +---------+---------+-------+---------+---------+-------
      Total |      37 |       0 |   0.0 |      18 |       0 |   0.0
            +---------+---------+-------+---------+---------+-------
        D:1 |      23 |       0 |   0.0 |      12 |       0 |   0.0
        D:2 |      14 |       0 |   0.0 |       6 |       0 |   0.0
            +---------+---------+-------+---------+---------+-------
